 Dungeon Crawl Stone Soup version 0.20.0-10-g0535bb4 (webtiles) character file.

10381 Gorglomux the Grappler (level 11, -7/172 HPs)
             Began as a Troll Venom Mage on June 6, 2017.
             Killed from afar by Harold (10 damage)
             ... with a bolt of fire
             ... on level 10 of the Dungeon.
             The game lasted 00:24:57 (10179 turns).

Gorglomux the Grappler (Troll Venom Mage)          Turns: 10179, Time: 00:24:58

Health: -7/172     AC: 25    Str: 18    XL:     11   Next: 35%
Magic:  14/14      EV:  1    Int: 11    God:
Gold:   621        SH:  0    Dex: 13    Spells: 8/15 levels left

rFire    . . .     SeeInvis .     - Unarmed
rCold    . . .     Gourm    +   (no shield)
rNeg     + + +     Faith    .   (armour currently unavailable)
rPois    +         Spirit   .   (helmet currently unavailable)
rElec    .         Reflect  .   (cloak currently unavailable)
rCorr    .         Harm     .   (gloves unavailable)
MR       .....     NoTele   +   (boots unavailable)
Stlth    ++........             r - amulet of regeneration
Regen    1.2/turn               I - +4 ring of evasion
MPRegen  0.2/turn               o - ring of poison resistance

@: tree-form
A: unfitting armour, fast metabolism 3, gourmand, regeneration 1
a: no special abilities


You were on level 10 of the Dungeon.
You were very full.
You were a tree.
You visited 3 branches of the dungeon, and saw 12 of its levels.
You also visited: Bailey.

You collected 621 gold pieces.

Inventory:

Armour
 c - a +0 robe (melded)
 w - +0 ice dragon scales
 y - a +0 cloak
 H - a +1 cloak of invisibility (melded)
Jewellery
 m - an uncursed ring of protection from magic
 o - a ring of poison resistance (right branch)
 r - an amulet of regeneration (around neck)
 E - a +2 ring of evasion
 I - a +4 ring of evasion (left branch)
Wands
 D - a wand of digging (13/24)
Scrolls
 d - 2 scrolls of remove curse
 p - 4 scrolls of amnesia
 q - 2 scrolls of recharging {unknown}
 x - 2 scrolls of immolation {unknown}
 B - a scroll of fog {unknown}
 J - a scroll of random uselessness {unknown}
 M - 4 scrolls of magic mapping
 O - a scroll of vulnerability {unknown}
 P - a scroll of fear
 R - a scroll of silence {unknown}
 S - 2 scrolls of holy word {unknown}
 T - 4 scrolls of teleportation
 Z - a scroll of enchant weapon {unknown}
Potions
 s - 3 potions of brilliance
 u - 4 potions of agility
 v - a potion of flight
 G - a potion of ambrosia
 K - 2 potions of might {unknown}
 L - a potion of magic {unknown}
 N - a potion of mutation {unknown}
 Q - 5 potions of curing
 W - 2 potions of berserk rage {unknown}
Books
 b - a Young Poisoner's Handbook

   Spells                             Type                      Level
   a - Sting                          Conjuration/Poison           1
   b - Poisonous Vapours              Poison/Air                   2
   c - Mephitic Cloud                 Conjuration/Poison/Air       3
   d - Olgreb's Toxic Radiance        Poison                       4
   e - Venom Bolt                     Conjuration/Poison           5
 t - a book of Battle

   Spells                             Type                      Level
   a - Infusion                       Charms                       1
   b - Shroud of Golubria             Charms/Translocation         2
   c - Song of Slaying                Charms                       2
   d - Spectral Weapon                Hexes/Charms                 3
   e - Regeneration                   Charms/Necromancy            3
 C - a book of Maledictions

   Spells                             Type                      Level
   a - Corona                         Hexes                        1
   b - Ensorcelled Hibernation        Hexes/Ice                    2
   c - Confuse                        Hexes                        3
   d - Tukima's Dance                 Hexes                        3
   e - Dazzling Spray                 Conjuration/Hexes            3
 U - a book of Misfortune

   Spells                             Type                      Level
   a - Confusing Touch                Hexes                        1
   b - Confuse                        Hexes                        3
   c - Gell's Gravitas                Translocation                3
   d - Petrify                        Transmutation/Earth          4
   e - Metabolic Englaciation         Hexes/Ice                    5
   f - Yara's Violent Unravelling     Hexes/Transmutation          5
Miscellaneous
 X - a phial of floods (inert)
Comestibles
 a - 4 bread rations
 z - 4 meat rations
 A - a fruit
 V - 5 chunks of flesh
 Y - 6 royal jellies


   Skills:
 - Level 9.1 Fighting
 - Level 1.5 Dodging
 - Level 1.0 Stealth
 - Level 12.8 Unarmed Combat
 + Level 2.7 Spellcasting
 - Level 0.6 Conjurations
 + Level 2.6 Hexes
 - Level 2.1 Poison Magic


You had 8 spell levels left.
You knew the following spells:

 Your Spells              Type           Power        Failure   Level  Hunger
a - Confusing Touch       Hex            #.....       9%          1    #......
b - Yara's Violent Unrav  Hex/Tmut       #.........   99%         5    ######.
c - Sting                 Conj/Pois      #...         16%         1    #......


Dungeon Overview and Level Annotations

Branches:
Dungeon (10/15)            Temple (1/1) D:5            Lair (1/6) D:10
    Orc (0/2) D:9

Altars:
Ashenzari
Cheibriados
Dithmenos
Elyvilon
Fedhas
Gozag
Hepliaklqana
Kikubaaqudgha
Makhleb
Nemelex Xobeh
Okawaru
Qazlal
Ru
Sif Muna
Trog
Uskayaw
Vehumet
Xom
Yredelemnul
Zin
The Shining One

Shops:
D:4 %

Annotations:
D:10 exclusion: oklob plant, Harold


Innate Abilities, Weirdness & Mutations

You are too large for most types of armour.
((You have claws for hands.))
Your metabolism is lightning-fast.
You like to eat raw meat.
Your natural rate of healing is unusually fast.
((You are covered in fur. (AC +1)))
((You have very tough skin. (AC +2)))


Message History

Harold closely misses you.
You scratch Harold.
Harold is heavily wounded.
You scratch Harold but do no damage.
Harold is heavily wounded.
Harold gestures at you while chanting. The bolt of fire hits you!
* * * LOW HITPOINT WARNING * * *
You claw Harold!
Harold is severely wounded.
Harold hits you with a long sword!
* * * LOW HITPOINT WARNING * * *
You turn into a tree.
Your +1 cloak of invisibility melds into your body.
Your +0 robe melds into your body.
Your roots penetrate the ground.
You smack Harold!
Harold is severely wounded.
Harold gestures at you while chanting.
Helpless, you fail to dodge the bolt of fire.
You die...

###..###..........#
##...'..........#
#####..........# #..........#
######[..### #######.###
###.........#####
#.............÷.#####
###########.#@♣...)...###.##...
# #...........#.........#
#.##...
#######...#####.........#
#.##... ...≈...#..# #.........#
#..+... .#...#....# #.........#
####... ##P.P##[..##
#.........# #... .PPPPP..#..#
#........># #### ..P>†@[≈#..#
########.## #### .PP†P..[#..#
#.....# ##...


You could see Harold.

Vanquished Creatures
  A centaur warrior (D:10)
  Erica (D:8)
  A two-headed ogre (D:8)
  Pikel (D:8)
  A wolf spider zombie (D:10)
  Joseph (D:8)
  Psyche (D:8)
  A spiny frog (D:10)
  2 komodo dragons (D:10)
  A troll (D:9)
  2 slime creatures (D:8)
  4 hippogriffs
  A porcupine (D:10)
  2 sky beasts (D:6)
  4 ice beasts
  An eye of draining (D:10)
  9 orc warriors
  2 phantoms
  3 ogres
  A crocodile (D:10)
  5 centaurs
  5 bullfrogs
  3 scorpions
  A water moccasin skeleton (D:10)
  4 wights (D:10)
  4 howler monkeys
  3 crimson imps
  A quasit (D:8)
  2 bullfrog zombies
  A jelly (D:7)
  8 orc priests
  7 hounds
  Crazy Yiuf (D:2)
  A bullfrog skeleton (D:9)
  2 centaur skeletons
  4 orc wizards
  An iguana (D:8)
  2 worker ants (D:4)
  A hound zombie (D:6)
  A howler monkey zombie (D:6)
  2 hound skeletons
  3 worker ant zombies
  Robin (D:2)
  4 gnolls (D:8)
  A howler monkey skeleton (D:9)
  10 adders
  An ooze (D:3)
  3 worms
  A dart slug (D:1)
  6 leopard geckos
  49 orcs
  A ball python (D:2)
  7 bats
  4 giant cockroaches
  19 goblins
  11 hobgoblins
  14 jackals
  4 quokkas
  2 frilled lizards
  8 kobolds
  A leopard gecko skeleton (D:4)
  A leopard gecko zombie (D:5)
  5 rats
  4 plants
259 creatures vanquished.

Vanquished Creatures (others)
  An orc wizard (D:8)
  A killer bee zombie (D:8)
  4 orcs (D:8)
  A fungus (Lair:1)
  A plant (D:10)
8 creatures vanquished.

Grand Total: 267 creatures vanquished

Notes
Turn   | Place    | Note
-------+----------+-------------------------------------------
     0 | D:1      | Gorglomux the Troll Venom Mage began the quest for the Orb.
     0 | D:1      | Reached XP level 1. HP: 16/16 MP: 1/1
     5 | D:1      | Noticed an electric eel
     5 | D:1      | Noticed an electric eel
    90 | D:1      | Reached skill level 1 in Unarmed Combat
   184 | D:1      | Reached XP level 2. HP: 24/24 MP: 2/2
   240 | D:1      | Reached skill level 2 in Unarmed Combat
   799 | D:2      | Found a runed door.
   834 | D:2      | Reached XP level 3. HP: 31/31 MP: 3/3
   881 | D:2      | Found a burning altar of Makhleb.
  1015 | D:2      | Reached skill level 3 in Unarmed Combat
  1505 | D:2      | Reached XP level 4. HP: 39/39 MP: 4/4
  1525 | D:2      | Noticed Robin
  1543 | D:2      | Killed Robin
  1543 | D:2      | Reached skill level 4 in Unarmed Combat
  1600 | D:2      | Found a radiant altar of Vehumet.
  1702 | D:2      | Noticed Crazy Yiuf
  1708 | D:2      | Killed Crazy Yiuf
  1853 | D:3      | Found a white marble altar of Elyvilon.
  1995 | D:3      | Reached XP level 5. HP: 45/45 MP: 5/5
  2020 | D:3      | Reached skill level 5 in Unarmed Combat
  2105 | D:3      | Found a basalt altar of Yredelemnul.
  2922 | D:4      | Found Bakar's Food Shop.
  3230 | D:4      | Reached skill level 6 in Unarmed Combat
  3230 | D:4      | Reached XP level 6. HP: 52/53 MP: 6/6
  3379 | D:4      | Reached skill level 7 in Unarmed Combat
  3575 | D:5      | Entered Level 5 of the Dungeon
  3579 | D:5      | Reached XP level 7. HP: 59/59 MP: 7/7
  3939 | D:5      | Found a staircase to the Ecumenical Temple.
  3951 | Temple   | Entered the Ecumenical Temple
  4095 | D:5      | Reached skill level 1 in Fighting
  4138 | D:5      | Reached skill level 8 in Unarmed Combat
  4821 | D:6      | Reached XP level 8. HP: 74/74 MP: 8/8
  4846 | D:6      | Reached skill level 3 in Fighting
  5316 | D:6      | Reached skill level 9 in Unarmed Combat
  6121 | D:7      | Reached XP level 9. HP: 87/88 MP: 9/9
  6144 | D:7      | Found a hazy altar of Hepliaklqana.
  6146 | D:7      | Found an ancient bone altar of Kikubaaqudgha.
  6164 | D:7      | Reached skill level 10 in Unarmed Combat
  7063 | D:8      | Noticed a two-headed ogre
  7064 | D:8      | Noticed Pikel
  7077 | D:8      | Killed a two-headed ogre
  7077 | D:8      | Reached skill level 6 in Fighting
  7077 | D:8      | Reached skill level 11 in Unarmed Combat
  7128 | D:8      | Killed Pikel
  7223 | D:8      | Noticed Joseph
  7235 | D:8      | Reached XP level 10. HP: 66/102 MP: 10/10
  7242 | D:8      | Killed Joseph
  7422 | D:8      | Found an iron altar of Okawaru.
  7422 | D:8      | Found a sacrificial altar of Ru.
  7425 | D:8      | Found a hide-covered altar of Uskayaw.
  7425 | D:8      | Found a sparkling altar of Nemelex Xobeh.
  7497 | D:8      | Noticed Psyche
  7513 | D:8      | Killed Psyche
  7653 | D:8      | Noticed Erica
  7706 | D:8      | Killed Erica
  7706 | D:8      | Reached skill level 12 in Unarmed Combat
  8403 | D:9      | Found a shadowy altar of Dithmenos.
  8520 | D:9      | Found a flagged portal.
  8526 | Bailey   | Entered a bailey
  9142 | D:9      | Found a staircase to the Orcish Mines.
  9287 | D:10     | Entered Level 10 of the Dungeon
  9337 | D:10     | Noticed Harold
  9409 | D:10     | Learned a level 5 spell: Yara's Violent Unravelling
  9411 | D:10     | Learned a level 1 spell: Confusing Touch
  9426 | D:10     | Noticed an oklob plant
  9429 | D:10     | Reached skill level 9 in Fighting
  9431 | D:10     | Found a staircase to the Lair.
  9442 | D:10     | Reached XP level 11. HP: 115/115 MP: 11/11
  9614 | D:10     | Reached skill level 1 in Hexes
  9703 | D:10     | Noticed a centaur warrior
  9711 | D:10     | Killed a centaur warrior
  9941 | Lair:1   | Entered Level 1 of the Lair of Beasts
 10177 | D:10     | HP: 1/115 [Harold/long sword (11)]
 10179 | D:10     | Killed from afar by Harold

Skill      XL: |  1  2  3  4  5  6  7  8  9 10 11 |
---------------+----------------------------------+-----
Unarmed Combat | 1 2 3 4 6 7 8 9 11 12 | 12.8
Fighting       | 2 5 7 9 |  9.1
Hexes          | 2 |  2.6
Spellcasting   | 2 |  2.7
Dodging        | |  1.5
Stealth        | |  1.0
Conjurations   | |  0.6
Poison Magic   | |  2.1

Action                   |  1- 3 |  4- 6 |  7- 9 | 10-12 || total
-------------------------+-------+-------+-------+-------++-------
Melee: Unarmed           |   113 |   165 |   309 |   282 ||   869
       Punch             |     1 |     4 |     8 |    15 ||    28
 Abil: Evoke Invisibilit |       |       |       |     2 ||     2
Evoke: Phial of floods   |       |       |       |     1 ||     1
  Use: Scroll            |       |       |     2 |     9 ||    11
       Potion            |       |       |     2 |     7 ||     9
 Stab: Sleeping          |     4 |     3 |     3 |     4 ||    14
       Distracted        |       |       |     1 |       ||     1
  Eat: Chunk             |    19 |    18 |    35 |    25 ||    97
Armor: Robe              |    42 |    47 |    92 |    56 ||   237
       Skin              |       |       |       |     2 ||     2
Dodge: Dodged            |    49 |    61 |   119 |   210 ||   439
